AoeStats
← Attila the Hun

Lombardia

510122072Analyzed
2v2 RM · 4d ago on Sep 29, 2026· 36m 10s· 4 players
Game mode
Random Map
Map size
Medium (4 player)
Population
200
Speed
Normal
Resources
Standard
Victory
Conquest
Starting age
Dark Age
Ending age
Imperial Age
RankedLock teamsTeams togetherTeam positionsShared explorationLock speedFull tech treeHidden civsTurbo modeCheats
Victory
Defeat
🇬🇧 Poles · United Kingdom
1099
+15
🇬🇧 Cumans · United Kingdom
1091
+16
🇫🇷 Mongols · France
1097
-16
🇹🇷 Celts · Türkiye
1074
-15
maximilian
10:31 Feudal Age
11:09 Loom
11:45 Double-Bit Axe
11:41 Horse Collar
20:35 Stone Mining
20:35 Gold Mining
23:27 Castle Age
25:42 Pikeman
27:21 Wheelbarrow
28:17 Bow Saw
28:52 Forging
28:43 Scale Mail Armor
33:09 Crossbowman
34:48 Hand Cart
36:08 Gold Shaft Mining
36:25 Ballistics
Attila the Hun
3:19 Loom
12:03 Feudal Age
13:52 Double-Bit Axe
14:51 Horse Collar
18:16 Arson
20:58 Scale Mail Armor
21:08 Forging
21:34 Scale Barding Armor
21:53 Bloodlines
25:46 Town Watch
28:19 Castle Age
26:20 Fletching
26:30 Padded Archer Armor
32:07 Pikeman
34:55 Chain Mail Armor
Johnsonator
10:30 Feudal Age
13:42 Bloodlines
20:54 Double-Bit Axe
21:28 Loom
21:43 Horse Collar
25:04 Castle Age
31:24 Fervor
33:19 Wheelbarrow
33:18 Bow Saw
33:11 Heavy Plow
33:17 Gold Mining
34:26 Husbandry
AoE + Beer <3
7:14 Loom
9:15 Feudal Age
9:50 Double-Bit Axe
10:42 Horse Collar
16:15 Loom
19:50 Castle Age
19:31 Bloodlines
19:26 Scale Barding Armor
19:32 Forging
19:52 Gold Mining
20:58 Chain Barding Armor
21:35 Bow Saw
33:48 Imperial Age
32:26 Iron Casting
33:53 Cavalier
35:09 Plate Barding Armor
35:34 Blast Furnace
Connection lost

Rejoining the realm…

Still unreachable

The connection could not be restored.

Session expired

The server has moved on; the page needs a fresh start.